 Dungeon Crawl Stone Soup version 0.17.0-15-g6d90897 (webtiles) character file.

246 4thArraOfDagon the Chopper (level 5, 0/48 HPs)
             Began as a Minotaur Berserker on Nov 10, 2015.
             Was a Follower of Trog.
             Slain by a hound skeleton (1 damage)
             ... on level 7 of the Dungeon.
             The game lasted 00:02:26 (469 turns).

4thArraOfDagon the Chopper (Minotaur Berserker)      Turns: 469, Time: 00:02:27

Health: 0/48       AC:  9    Str: 22    XL:     5   Next: 84%
Magic:  4/4        EV:  8    Int:  5    God:    Trog [*.....]
Gold:   88         SH:  0    Dex:  9    Spells: 0 memorised, 4 levels left

rFire  + . .     SeeInvis +     a - +0 hand axe
rCold  . . .     Clarity  .     e - +0 chain mail
rNeg   . . .     SustAt   .     (no shield)
rPois  .         Gourm    .     (helmet restricted)
rElec  .         Spirit   .     (no cloak)
rCorr  .         Warding  .     (no gloves)
rMut   .         Stasis   .     (no boots)
MR     .....                    (no amulet)
Stlth  ..........               b - ring of protection from fire
                                d - ring of see invisible

@: lethally poisoned (0 -> 0), exhausted, slowed, very slow, not resistant to
hostile enchantments, extremely unstealthy
A: retaliatory headbutt, horns 2
a: Berserk, Burn Spellbooks, Renounce Religion


You were on level 7 of the Dungeon.
You worshipped Trog.
Trog was aware of your devotion.
You were not hungry.

You visited 1 branch of the dungeon, and saw 7 of its levels.

You collected 88 gold pieces.

Inventory:

Hand Weapons
 a - a +0 hand axe (weapon)
Armour
 e - a +0 chain mail (worn)
Jewellery
 b - a ring of protection from fire (right hand)
 d - a ring of see invisible (left hand)
Scrolls
 g - a scroll of random uselessness {unknown}
 h - a scroll of remove curse {unknown}
 i - 5 scrolls of identify {unknown}
Comestibles
 c - a chunk of flesh


   Skills:
 + Level 5.0 Fighting
 * Level 6.2 Axes
 + Level 4.2 Armour
 - Level 2.1 Dodging


You had 4 spell levels left.
You didn't know any spells.

Dungeon Overview and Level Annotations

Branches:
Dungeon (7/15)
 Temple: D:4-7

Altars:
Xom


Innate Abilities, Weirdness & Mutations

You reflexively headbutt those who attack you in melee.
You have a pair of horns on your head.


Message History

You aren't carrying any potions.
* * * LOW HITPOINT WARNING * * *
You feel sick.
Found an ichor-stained helmet.
* * * LOW HITPOINT WARNING * * *
You feel sick.
A hound skeleton comes into view.
Unknown command.
* * * LOW HITPOINT WARNING * * *
You feel sick.
Found a robe.
Unknown command.
The hound skeleton barely misses you. You furiously retaliate!
You headbutt the hound skeleton.
Unknown command.
* * * LOW HITPOINT WARNING * * *
You feel sick.
Unknown command.
You hit the hound skeleton. The hound skeleton bites you.
You die...

...##..##.......# .
### #...##..#
##..####+##..######
...................
.....Z.............
#.##+#..#.#..#.###
#.###.##..########
# ...[....Z..#
.......@...#
......[....#
...........#
##.#####..## # ####


You could see a hound skeleton.

Vanquished Creatures
  An ice beast (D:7)
  A hound (D:5)
  An orc wizard (D:4)
  A jelly (D:5)
  A worker ant (D:7)
  A hound skeleton (D:4)
  A shadow imp (D:5)
  A giant gecko (D:5)
  3 orcs (D:4)
  A giant cockroach (D:7)
  2 jackals (D:4)
  A jackal skeleton (D:5)
15 creatures vanquished.

Notes
Turn   | Place    | Note
--------------------------------------------------------------
     0 | D:1      | 4thArraOfDagon the Minotaur Berserker began the quest for the Orb.
     0 | D:1      | Reached XP level 1. HP: 19/19 MP: 0/0
    28 | D:1      | now shitty items for next 100 games
    43 | D:1      | this is so fun!
    85 | D:4      | Noticed an orc wizard
    94 | D:4      | Killed an orc wizard
    94 | D:4      | Reached skill level 4 in Fighting
    94 | D:4      | Reached XP level 2. HP: 27/27 MP: 1/1
    94 | D:4      | Reached XP level 3. HP: 33/33 MP: 2/2
   153 | D:4      | Noticed an iguana
   164 | D:5      | Entered Level 5 of the Dungeon
   267 | D:5      | Reached skill level 5 in Axes
   267 | D:5      | Reached XP level 4. HP: 7/41 MP: 3/3
   273 | D:5      | yet another lab
   328 | D:5      | Found a shimmering altar of Xom.
   443 | D:7      | Noticed an ice beast
   449 | D:7      | Killed an ice beast
   449 | D:7      | Reached skill level 5 in Fighting
   449 | D:7      | Reached skill level 6 in Axes
   449 | D:7      | Reached XP level 5. HP: 10/48 MP: 4/4
   456 | D:7      | :)
   461 | D:7      | HP: 2/48 [poisoned by a worker ant]
   466 | D:7      | HP: 2/48 [poisoned by a worker ant]
   469 | D:7      | Slain by a hound skeleton

Action                   |  1- 3 |  4- 6 || total
-------------------------+-------+-------++-------
Melee: Hand axe          |    19 |    16 ||    35
Invok: Berserk           |     1 |     2 ||     3
  Use: Potion            |       |     1 ||     1
  Eat: Bread ration      |       |     1 ||     1
